 Dungeon Crawl Stone Soup version 0.25.0-11-g1f837a76a1 (webtiles) character file.

Game seed: 11671699099432386263

1128 Delamore the Basher (level 8, -2/46 HPs)
             Began as a Gargoyle Fighter on June 24, 2020.
             Was a Believer of Okawaru.
             Killed by divine providence
             ... invoked by an orc priest
              (13 damage)
             ... on level 5 of the Dungeon.
             The game lasted 00:03:48 (3370 turns).

Delamore the Basher (Gargoyle Fighter)              Turns: 3370, Time: 00:03:49

Health: -2/46      AC: 14    Str: 22    XL:     8   Next: 35%
Magic:  8/8        EV:  5    Int:  9    God:    Okawaru [**....]
Gold:   222        SH:  9    Dex:  9    Spells: 7/7 levels left

rFire    . . .     SeeInvis .   j - +2 whip (elec)
rCold    . . .     Gourm    .   c - +0 kite shield
rNeg     + . .     Faith    .   i - +0 chain mail
rPois    ∞         Spirit   .   (no helmet)
rElec    +         Reflect  .   (no cloak)
rCorr    .         Harm     .   (no gloves)
MR       +....                  (no boots)
Stlth    ..........             (no amulet)
HPRegen  0.15/turn              v - ring of protection from magic
MPRegen  0.11/turn              (no ring)

@: brilliant, flying, hasted, very quick
A: negative energy resistance 1, electricity resistance, unbreathing,
petrification resistance, rot immunity, AC +5
a: Heroism, Renounce Religion


You were on level 5 of the Dungeon.
You worshipped Okawaru.
Okawaru was pleased with you.
You were not hungry.

You visited 1 branch of the dungeon, and saw 5 of its levels.

You collected 222 gold pieces.

Inventory:

Hand Weapons
 a - a +0 flail
 j - a +2 whip of electrocution (weapon)
 x - a +2 whip of flaming
Armour
 b - a +0 scale mail
 c - a +0 kite shield (worn)
 e - a +2 tower shield
 i - a +0 chain mail (worn)
Jewellery
 v - a ring of protection from magic (left hand)
Wands
 y - a wand of iceblast (8)
Scrolls
 g - a scroll of remove curse {unknown}
 h - 2 scrolls of magic mapping {unknown}
 k - 4 scrolls of identify {unknown}
 m - 2 scrolls of immolation {unknown}
 n - 3 scrolls of blinking {unknown}
 o - a scroll of amnesia {unknown}
 q - 3 scrolls of teleportation {unknown}
 t - a scroll of enchant weapon {unknown}
 u - 2 scrolls of random uselessness {unknown}
Potions
 d - 2 potions of might
 l - a potion of berserk rage
 r - a potion of haste
 s - a potion of flight
 w - a potion of curing
Comestibles
 f - 16 rations


   Skills:
 - Level 3.2 Fighting
 + Level 9.8 Maces & Flails
 - Level 3.2 Armour
 - Level 3.2 Shields


You had 7 spell levels left.
You didn't know any spells.
Your spell library was empty.

Dungeon Overview and Level Annotations

Branches:
Dungeon (5/15)
 Temple: D:4-7

Altars:
Okawaru
Vehumet


Innate Abilities, Weirdness & Mutations

You are resistant to torment.
Your stone body is resilient. (AC +5)
You are immune to poison.
You resist negative energy. (rN+)
You are resistant to electric shocks. (rElec)
You can survive without breathing.
You are immune to petrification.
You are immune to rotting.


Message History

You are too injured to fight recklessly!
You are too injured to fight recklessly!
You are too injured to fight recklessly!
The orc priest invokes the aid of Beogh against you.
Beogh smites you!
* * * LOW HITPOINT WARNING * * *
You block the leopard gecko's attack.
An adder comes into view.
It was a potion of flight.
You feel very buoyant.
You fly up into the air.
You block the leopard gecko's attack.
It was a potion of haste.
You feel yourself speed up. The leopard gecko barely misses you.
It was a potion of brilliance.
You feel clever all of a sudden.
The leopard gecko bites you but does no damage.
The leopard gecko hisses menacingly.
The orc priest mumbles some strange prayers to Beogh against you.
Beogh smites you!
You die...

..........###).)..###≈≈≈≈≈≈≈≈####
............#######....≈≈≈≈≈≈≈≈..
.........##.....###.##..≈≈≈≈≈...#
.........# ####..##.###..........
.........# #.##.# ######.....
.........# #.##.# #.....
########## #.##.# #.....
#####..#.# #..... #....@.#.#
#..... ########....l...# #.....
#...............# #.....
#...............# #.....
#........O......# #)....
##.......######..# #.....
#..#####o.# #..# #.....
..#.###S#.....#..# #..... .
#.#.#.#....+.># ######


You could see an ogre, an orc priest, an adder and a leopard gecko.

Vanquished Creatures
  Pikel (D:5)
  Grinder (D:3)
  An ogre (D:5)
  A big kobold (D:5)
  A howler monkey (D:5)
  A bullfrog zombie (D:5)
  A centaur skeleton (D:5)
  3 orc wizards (D:3)
  Jessica (D:2)
  5 adders
  An ooze (D:1)
  2 worms
  3 dart slugs
  5 leopard geckos
  3 orcs
  7 bats
  8 goblins
  5 hobgoblins
  3 jackals (D:3)
  5 quokkas
  A ball python (D:1)
  4 frilled lizards
  16 kobolds
  13 rats
92 creatures vanquished.

Vanquished Creatures (others)
  A quokka (D:3)
1 creature vanquished.

Grand Total: 93 creatures vanquished

Notes
Turn   | Place    | Note
-------+----------+-------------------------------------------
     0 | D:1      | Delamore the Gargoyle Fighter began the quest for the Orb.
     0 | D:1      | Reached XP level 1. HP: 14/14 MP: 1/1
   122 | D:1      | Reached XP level 2. HP: 19/19 MP: 2/2
   325 | D:1      | Reached skill level 3 in Maces & Flails
   531 | D:1      | Reached XP level 3. HP: 23/23 MP: 3/3
  1162 | D:2      | Reached skill level 4 in Maces & Flails
  1242 | D:2      | Found an iron altar of Okawaru.
  1247 | D:2      | Became a worshipper of Warmaster Okawaru
  1310 | D:2      | Reached XP level 4. HP: 28/28 MP: 4/4
  1528 | D:2      | Noticed Jessica
  1539 | D:2      | Killed Jessica
  1689 | D:3      | Reached skill level 5 in Maces & Flails
  1689 | D:3      | Reached XP level 5. HP: 25/32 MP: 5/5
  1984 | D:3      | Reached skill level 6 in Maces & Flails
  1999 | D:3      | Found a radiant altar of Vehumet.
  2062 | D:3      | Reached XP level 6. HP: 37/37 MP: 6/6
  2194 | D:3      | Noticed Grinder
  2211 | D:3      | Killed Grinder
  2211 | D:3      | Reached * piety under Okawaru
  2211 | D:3      | Reached skill level 7 in Maces & Flails
  2788 | D:5      | Entered Level 5 of the Dungeon
  2844 | D:5      | Reached XP level 7. HP: 17/41 MP: 7/7
  3140 | D:5      | Reached skill level 8 in Maces & Flails
  3199 | D:5      | Noticed Pikel
  3221 | D:5      | Killed Pikel
  3221 | D:5      | Reached ** piety under Okawaru
  3221 | D:5      | Reached skill level 9 in Maces & Flails
  3221 | D:5      | Reached XP level 8. HP: 41/46 MP: 8/8
  3370 | D:5      | Killed from afar by an orc priest

Illustrated notes

Levels and vault maps discovered:
D:1:      giann_forest_graveyard, layout_loops_corners, due_unseen_surprise
D:2:      layout_basic, lemuel_crystal_altar, uniq_jessica
D:3:      layout_basic, fiery_altar_vehumet, minmay_box_of_dots, uniq_grinder
D:4:      layout_basic, minmay_temple_entry_stoned_glass, serial_shops,
          kennysheep_mini
D:5:      cheibrodos_thug_alley, layout_basic, first_ration, minmay_circle_x,
          uniq_pikel

Skill      XL: |  1  2  3  4  5  6  7 |
---------------+----------------------+-----
Maces & Flails | 3 4 5 6 7 9 |  9.8
Fighting       | |  3.2
Armour         | |  3.2
Shields        | |  3.2

Action                   |  1- 3 |  4- 6 |  7- 9 || total
-------------------------+-------+-------+-------++-------
Melee: Flail             |    52 |       |       ||    52
       Whip              |    92 |   141 |    53 ||   286
Throw: Throwing net      |       |       |     1 ||     1
  Use: Potion            |       |       |     3 ||     3
 Stab: Held in net/web   |       |       |     2 ||     2
  Eat: Chunk             |     1 |     5 |     2 ||     8
Armor: Scale mail        |    56 |    35 |       ||    91
       Chain mail        |       |    28 |    14 ||    42
Dodge: Dodged            |    39 |    30 |     7 ||    76
Block: Kite shield       |    63 |    44 |    18 ||   125
